 Dungeon Crawl Stone Soup version 0.18.1-50-g88ac8fd (webtiles) character file.

560114 KarmaPolice the Merfolkian Porcupine (level 26, 0/222 HPs)
             Began as a Merfolk Gladiator on Oct 1, 2016.
             Was the Champion of Qazlal.
             Slain by a fire giant
             ... wielding a +0 great sword of flaming
              (17 damage)
             ... on level 5 of the Vaults.
             The game lasted 05:53:13 (92711 turns).

KarmaPolice the Merfolkian Porcupine (MfGl)        Turns: 92711, Time: 05:53:14

Health: 0/222      AC: 29    Str: 28    XL:     26   Next: 61%
Magic:  47/47      EV: 17    Int:  5    God:    Qazlal [******]
Gold:   3228       SH: 12    Dex: 16    Spells: 0 memorised, 25 levels left

rFire  + . .     SeeInvis +     Q - +6 scythe "Siawnank" {slice, MP+9}
rCold  + . .     Gourm    .     P - +4 crystal plate armour of Beogh's Righteous Fury {rElec rCorr Slay+2 SInv}
rNeg   + . .     Faith    .     (shield currently unavailable)
rPois  .         Spirit   .     s - +2 helmet {SInv}
rElec  +         Dismiss  .     X - -5 cloak of the Blizzard {MR++ Str+2 Int-3}
rCorr  +         Reflect  +     w - +0 pair of gloves
SustAt .         Harm     .     N - +3 pair of boots "Mall" {rN+}
MR     +++..                    E - amulet of the Scarab {Reflect Str+3 SH+4}
Stlth  ..........               K - ring of protection from fire
                                I - ring of protection from cold

@: contaminated, glowing, repel missiles, drained, extremely resistant to
hostile enchantments, extremely unstealthy
A: change form in water, swift swim, clumsy 1, deformed body, deterioration 1
a: Upheaval, Elemental Force, Disaster Area, Renounce Religion
}: 3/15 runes: serpentine, barnacled, slimy


You were on level 5 of the Vaults.
You worshipped Qazlal.
Qazlal was exalted by your worship.
You were not hungry.

You visited 10 branches of the dungeon, and saw 51 of its levels.
You visited the Abyss 2 times.
You also visited: Labyrinth, Trove and Ossuary.

You collected 6401 gold pieces.
You spent 3173 gold pieces at shops.

Inventory:

Hand Weapons
 C - a +3 demon trident of flaming
 Q - the +6 scythe "Siawnank" (weapon) {slice, MP+9}
   (You took it off a merfolk javelineer on level 4 of the Shoals)

   It inflicts extra damage upon your enemies.
   It affects your magic capacity (+9).
Missiles
 d - 18 throwing nets (quivered)
Armour
 q - a +0 ice dragon armour
 s - a +2 helmet of see invisible (worn)
 w - a +0 pair of gloves (worn)
 N - the +3 pair of boots "Mall" (worn) {rN+}
   (You found it on level 15 of the Dungeon)

   It protects you from negative energy.
 P - the +4 crystal plate armour of Beogh's Righteous Fury (worn) {rElec rCorr Slay+2 SInv}
   (You found it in a treasure trove)

   It affects your accuracy and damage with ranged weapons and melee attacks
   (+2).
   It insulates you from electricity.
   It lets you see invisible.
   It protects you from acid and corrosion.
 X - the -5 cloak of the Blizzard (worn) {MR++ Str+2 Int-3}
   (You found it in a treasure trove)

   It affects your strength (+2).
   It affects your intelligence (-3).
   It affects your resistance to hostile enchantments.
 Y - a +4 fire dragon armour
Jewellery
 c - an uncursed amulet of dismissal
 j - an uncursed ring of positive energy
 m - the ring of the Thirteen Tales {rC+ Str-2 Int+6}
   (You found it on level 6 of the Pits of Slime)

   [ring of protection from cold]

   It affects your strength (-2).
   It affects your intelligence (+6).
   It protects you from cold.
 A - an uncursed ring of protection from fire
 E - the amulet of the Scarab (around neck) {Reflect Str+3 SH+4}
   (You found it on level 6 of the Pits of Slime)

   [amulet of reflection]

   It shields you and reflects attacks.
   It affects your strength (+3).
   It affects your SH (+4).
 I - a ring of protection from cold (left hand)
 K - a ring of protection from fire (right hand)
 M - an uncursed ring of protection from magic
Wands
 b - a wand of digging (0/24)
 R - a wand of hasting (1/9)
Scrolls
 e - 2 scrolls of silence
 k - 3 scrolls of teleportation
 l - 22 scrolls of remove curse
 t - 3 scrolls of enchant weapon
 x - a scroll of acquirement
 y - 6 scrolls of enchant armour
 J - 8 scrolls of fear
 L - 3 scrolls of identify
 O - 6 scrolls of recharging
 T - 8 scrolls of magic mapping
Potions
 h - 5 potions of berserk rage
 i - 2 potions of curing
 n - a potion of magic
 o - 3 potions of ambrosia
 z - 3 potions of cancellation
 G - a potion of might
 H - 8 potions of flight
Comestibles
 f - 36 bread rations
 g - 28 beef jerkies
 F - 19 meat rations
 U - a chunk of flesh


   Skills:
 - Level 21.3(20.3) Fighting
 O Level 27(25.9) Polearms
 - Level 2.0(1.3) Throwing
 * Level 18.7(17.8) Armour
 - Level 20.8(19.8) Dodging
 + Level 22.6(21.6) Invocations


You had 25 spell levels left.
You didn't know any spells.

Dungeon Overview and Level Annotations

Branches:
Dungeon (15/15)            Temple (1/1) D:5            Lair (8/8) D:9
 Shoals (4/4) Lair:5        Snake (4/4) Lair:5        Slime (6/6) Lair:7
    Orc (2/2) D:10            Elf (3/3) Orc:2        Vaults (5/5) D:13
  Crypt (3/3) Vaults:3       Tomb (0/3) Crypt:3      Depths (0/5) D:15

Altars:
Ashenzari
Cheibriados
Dithmenos
Elyvilon
Fedhas
Gozag
Kikubaaqudgha
Makhleb
Nemelex Xobeh
Okawaru
Pakellas
Qazlal
Ru
Sif Muna
Trog
Vehumet
Xom
Yredelemnul
Zin
The Shining One
Beogh

Shops:
D:8 =   D:10 !   D:12 *   D:13 %   Orc:1 :   Orc:2 !(}(   Elf:2 %   Shoals:2 *

Annotations:
D:4 exclusion: oklob plant
D:7 KarmaPolice's ghost, novice MfGl


Innate Abilities, Weirdness & Mutations

You revert to your normal form in water.
You are very nimble and swift while swimming.
You are clumsy. (Dex -2)
Armour fits poorly on your strangely shaped body.
Your body sometimes deteriorates upon taking damage.


Message History

You reach to attack!
You open the vault sentinel like a pillowcase!!!
You kill the vault sentinel!
Qazlal accepts your kill.
You hear a shout! x2
A deep elf demonologist and a fire giant come into view.
Things that are here:
an enchanted morningstar; a ring mail; a scroll of summoning
a - a scroll of summoning The fire giant casts a spell at you.
The fireball explodes!
The fireball engulfs you! You resist.
* * * LOW HITPOINT WARNING * * *
Drink which item? (? for menu, Esc to quit)
You feel better.
Read which item? (? for menu, Esc to quit)
As you read the scroll of summoning, it crumbles to dust.
Wisps of shadow whirl around you...
The fire giant is engulfed in freezing vapours.
The fire giant hits you with a great sword of flaming!
You die...

#(..# #...##
#....# #
#....## .##
#c.O.O# ...#
#O.OOO##....##
#Oc§p§)O§....[
#c...C##....#.
#cO.@.# ...#
#..§§## .##
#.OO.# #
#...## #((=
#.[# ###


You could see a fire giant, a friendly ironheart preserver, a friendly yaktaur
captain, 2 friendly ogre magi, 3 friendly yaktaurs, a friendly two-headed ogre
and 8 friendly ogres.

Vanquished Creatures
  the Royal Jelly (Slime:6)
  Mara (Vaults:2)
  A curse toe (Crypt:2)
  A golden dragon (Vaults:4)
  Margery (Vaults:1)
  A bone dragon (Crypt:3)
  2 tentacled monstrosities
  Asterion (Elf:1)
  3 liches
  2 deep elf blademasters (Elf:3)
  A deep elf master archer (Elf:3)
  28 acid blobs
  A quicksilver dragon (Vaults:5)
  2 tentacled starspawn (Abyss:4)
  Polyphemus (Shoals:2)
  4 krakens
  5 ancient champions
  Ilsuiw (Shoals:4)
  A storm dragon (Vaults:5)
  4 revenants
  A tengu reaver (Vaults:4)
  4 greater nagas
  A fire giant (Vaults:3)
  17 azure jellies
  2 frost giants
  Wiglaf (Vaults:2)
  10 vault wardens
  7 deep elf sorcerers
  4 ghouls
  7 deep elf elementalists
  2 curse skulls (Crypt:3)
  2 reapers
  6 very ugly things
  12 ironheart preservers
  A war gargoyle (Vaults:4)
  11 deep elf demonologists
  10 stone giants
  3 vampire knights
  2 caustic shrike skeletons
  The ghost of Mungo the Spry, an adept SpHu of Okawaru (Shoals:4)
  9 deep elf annihilators
  3 salamander stormcallers
  4 dire elephants (Lair:8)
  A lorocyproca (Abyss:4)
  5 eidola
  4 ettins
  3 merfolk javelineers
  Snorg (Lair:6)
  10 deep elf death magi
  A minotaur (Lab)
  28 vault guards
  12 merfolk impalers
  6 yaktaur captains
  2 fire dragons
  4 deep elf high priests
  11 death oozes
  20 jiangshi
  10 great orbs of eyes
  2 rakshasas
  20 naga warriors
  3 ice dragons
  Erolcha (Orc:1)
  6 merfolk avatars
  12 anacondas
  2 catoblepae
  6 merfolk aquamancers
  3 hydras
  2 death knights
  8 ogre magi
  Erica (D:11)
  4 alligator snapping turtles
  8 centaur warriors
  2 deep troll earth magi
  11 vampire magi
  2 satyrs
  24 dancing weapons
  11 death yaks
  17 naga sharpshooters
  9 shock serpents
  6 large abominations (Abyss:4)
  35 deep elf knights
  4 thrashing horrors (Abyss:4)
  2 soul eaters
  Nergalle (Lair:4)
  5 small abominations
  2 hell knights (Vaults:2)
  21 skeletal warriors
  A wretched star (Abyss:4)
  2 fire crabs (Vaults:2)
  19 sea snakes
  A golden dragon zombie (Crypt:1)
  2 giant orange brains
  4 salamander mystics
  9 deep trolls
  3 shadow wraiths
  3 unseen horrors
  A kraken simulacrum (Shoals:4)
  5 flayed ghosts
  19 hill giants
  A golden dragon skeleton (Crypt:1)
  8 naga ritualists
  A sphinx zombie (Vaults:1)
  22 deep elf archers
  20 harpies
  A harpy (shapeshifter) (Elf:3)
  13 ironbrand convokers
  11 phantasmal warriors
  119 deep elf magi
  A hornet (Vaults:4)
  18 orc knights
  10 orc sorcerers (Orc:2)
  20 ugly things
  5 wolf spiders
  8 necromancers
  11 manticores
  A wolf spider zombie (Crypt:1)
  21 salamanders
  11 mana vipers
  3 oklob plants
  18 fauns
  A salamander (shapeshifter) (Vaults:3)
  11 shining eyes
  18 griffons
  10 cyclopes
  4 stone giant zombies
  A water nymph (shapeshifter) (Elf:2)
  11 sirens
  An apocalypse crab (Abyss:4)
  19 elephants
  A frost giant skeleton (Crypt:1)
  An iron dragon skeleton (Crypt:3)
  36 black mambas
  A storm dragon simulacrum (Crypt:3)
  13 water nymphs
  15 vault sentinels
  27 naga magi
  A dire elephant zombie (Crypt:3)
  5 gargoyles
  8 guardian serpents
  Maurice (Orc:1)
  5 centaur skeletons
  5 eyes of devastation
  A yaktaur zombie (Vaults:1)
  4 kobold demonologists
  A death yak zombie (Crypt:3)
  16 spiny frogs
  11 komodo dragons
  An alligator snapping turtle skeleton (Crypt:3)
  A dire elephant skeleton (Crypt:1)
  A grey draconian zombie (Crypt:2)
  9 freezing wraiths
  40 yaktaurs
  A guardian mummy (Crypt:3)
  A white draconian skeleton (Crypt:2)
  2 human skeletons
  33 merfolk
  A jumping spider (Vaults:3)
  11 trolls
  An ancient zyme (Abyss:4)
  A tarantella zombie (Crypt:3)
  7 wind drakes
  15 two-headed ogres
  4 polar bears
  18 blink frogs
  5 boulder beetles
  6 raiju (Abyss:4)
  160 slime creatures
  3 bog bodies (Crypt:3)
  10 snapping turtles
  A stone giant simulacrum (Vaults:2)
  7 flying skulls
  A tarantella (Vaults:3)
  A satyr skeleton (Crypt:2)
  Sigmund (D:3)
  A redback (shapeshifter) (Vaults:5)
  5 air elementals
  16 humans
  3 shadows
  2 wyverns
  10 water elementals
  A hill giant zombie (Orc:1)
  3 vampires (D:13)
  6 redbacks
  59 yaks
  2 basilisks
  A fire bat (shapeshifter) (D:15)
  11 hippogriffs
  9 wraiths
  4 fire elementals (Elf:1)
  5 golden eyes (Slime:5)
  A basilisk (shapeshifter) (Vaults:1)
  A hog (shapeshifter) (Vaults:1)
  A steam dragon (D:15)
  5 hungry ghosts
  21 vampire mosquitoes
  Grum (Lair:1)
  2 chaos spawn (Abyss:4)
  An elf skeleton (Vaults:1)
  A wind drake skeleton (Crypt:2)
  A yaktaur simulacrum (Vaults:1)
  2 neqoxecs (Abyss:4)
  17 wargs
  76 nagas
  A soldier ant (D:10)
  2 mottled dragons (Vaults:1)
  A giant eyeball (Slime:3)
  15 water moccasins
  20 porcupines
  An ogre skeleton (Vaults:1)
  A water nymph skeleton (Crypt:2)
  A torturous demonspawn skeleton (Crypt:3)
  46 orc warriors
  13 eyes of draining
  8 ice beasts
  4 sky beasts
  An alligator simulacrum (Crypt:1)
  2 ettin simulacra
  6 necrophages
  A black mamba simulacrum (Abyss:4)
  6 boggarts (Vaults:2)
  34 ogres
  7 phantoms
  17 wolves
  9 centaurs
  18 crocodiles
  A salamander zombie (Crypt:3)
  A rime drake skeleton (Crypt:1)
  2 earth elementals
  An elf zombie (Crypt:3)
  5 big kobolds
  23 giant frogs
  A yaktaur skeleton (Crypt:1)
  2 human simulacra
  2 water moccasin zombies (Ossuary)
  A hippogriff zombie (Crypt:3)
  A shapeshifter zombie (Crypt:3)
  5 scorpions
  A killer bee (D:9)
  3 troll zombies (D:10)
  16 wights
  7 howler monkeys
  3 electric eels
  9 crimson imps
  A spriggan skeleton (Crypt:1)
  3 quasits
  9 centaur zombies
  A starcursed mass (Abyss:4)
  A lava snake (Lair:3)
  6 hounds
  48 jellies
  14 orc priests
  An iron imp (D:7)
  A two-headed ogre zombie (Crypt:2)
  Natasha (twice) (D:3)
  4 giant frog skeletons
  14 iguanas
  32 orc wizards
  13 worker ants
  10 hell rats
  A porcupine skeleton (Crypt:1)
  4 big kobold zombies (Ossuary)
  A demigod zombie (Crypt:1)
  18 sheep
  3 ogre zombies (D:10)
  A tengu zombie (Crypt:1)
  2 hound skeletons
  15 mummies
  Robin (D:3)
  A howler monkey zombie (D:10)
  9 gnolls
  2 howler monkey skeletons
  A swamp drake zombie (Crypt:1)
  13 adders
  45 river rats
  12 shadow imps
  A white imp (D:11)
  An ufetubus (D:11)
  2 adder zombies (Ossuary)
  An adder skeleton (D:4)
  3 worms
  3 dart slugs (D:1)
  7 giant geckos
  114 orcs
  10 bats
  3 giant cockroaches
  2 gnoll zombies (Ossuary)
  20 goblins
  3 hobgoblins
  19 jackals
  6 quokkas
  A ball python (D:1)
  A giant gecko skeleton (D:6)
  8 giant newts
  A goblin skeleton (D:10)
  A goblin zombie (D:10)
  2 hobgoblin skeletons
  11 hobgoblin zombies
  13 kobolds
  5 kobold zombies (Ossuary)
  4 orc skeletons
  15 orc zombies
  5 rats
  A river rat skeleton (Crypt:2)
  2 crawling corpses
  4 fire vortices (Vaults:3)
  58 fungi
  A lost soul (Crypt:3)
  71 plants
  17 tentacles
  A tentacle segment (Shoals:4)
2764 creatures vanquished.

Vanquished Creatures (collateral kills)
  Norris (Snake:4)
  2 acid blobs (Slime:6)
  A vault warden (Vaults:3)
  Maud (Orc:1)
  An ironheart preserver (Vaults:5)
  2 dire elephants (Lair:8)
  2 death oozes (Slime:6)
  5 hydras
  A giant orange brain (Vaults:5)
  A yaktaur (Vaults:3)
  A rime drake (Lair:8)
  A raiju (Abyss:4)
  A naga (Snake:4)
20 creatures vanquished.

Vanquished Creatures (others)
  A deep elf master archer (Elf:2)
  2 stone giants
  Nessos (D:12)
  A yaktaur captain (Vaults:2)
  Sonja (D:15)
  A naga sharpshooter (Snake:4)
  2 deep elf knights
  A wizard (D:10)
  An orc knight (Vaults:2)
  A deep elf archer (Vaults:1)
  An ironbrand convoker (Vaults:4)
  2 deep elf magi
  A salamander (Snake:3)
  4 yaktaurs
  A two-headed ogre (Vaults:4)
  A fire elemental (Abyss:4)
  A naga (Snake:4)
  2 orcs
  A crawling corpse (Elf:3)
  10 fungi
  2 lost souls (Crypt:2)
  38 plants
  6 starspawn tentacles (Abyss:4)
  25 starspawn tentacle segments (Abyss:4)
  206 tentacles
  8426 tentacle segments
8739 creatures vanquished.

Grand Total: 11523 creatures vanquished

Notes
Turn   | Place    | Note
--------------------------------------------------------------
     0 | D:1      | KarmaPolice the Merfolk Gladiator began the quest for the Orb.
     0 | D:1      | Reached XP level 1. HP: 16/16 MP: 1/1
    62 | D:1      | Reached XP level 2. HP: 23/23 MP: 2/2
   569 | D:1      | Reached skill level 5 in Polearms
   569 | D:1      | Reached XP level 3. HP: 27/28 MP: 3/3
  1289 | D:2      | Found a basalt altar of Yredelemnul.
  1505 | D:2      | Reached XP level 4. HP: 35/35 MP: 4/4
  1637 | D:2      | Found an oddly glowing altar of Pakellas.
  1744 | D:3      | Noticed Robin
  1749 | D:3      | Reached skill level 5 in Dodging
  1799 | D:3      | Killed Robin
  2192 | D:3      | Reached XP level 5. HP: 37/41 MP: 5/5
  2206 | D:3      | Reached skill level 6 in Polearms
  2474 | D:3      | Noticed Natasha
  2483 | D:3      | Killed Natasha
  2502 | D:3      | Noticed Sigmund
  2785 | D:3      | Killed Sigmund
  2785 | D:3      | Reached skill level 7 in Polearms
  2785 | D:3      | Reached XP level 6. HP: 34/49 MP: 6/6
  2951 | D:3      | Noticed Natasha
  2962 | D:3      | Killed Natasha
  3214 | D:4      | Reached skill level 5 in Fighting
  3366 | D:4      | Reached XP level 7. HP: 56/56 MP: 7/7
  3683 | D:4      | Found a radiant altar of Vehumet.
  3753 | D:4      | Found a blossoming altar of Fedhas.
  3779 | D:4      | Noticed an oklob plant
  4438 | D:5      | Entered Level 5 of the Dungeon
  4894 | D:5      | Reached skill level 8 in Polearms
  5167 | D:5      | Found a sparkling altar of Nemelex Xobeh.
  5200 | D:5      | Found a staircase to the Ecumenical Temple.
  5328 | Temple   | Entered the Ecumenical Temple
  5335 | Temple   | Became a worshipper of Qazlal Stormbringer
  5432 | D:5      | Found a deep blue altar of Sif Muna.
  5697 | D:5      | Found a burning altar of Makhleb.
  5900 | D:6      | Found a shadowy altar of Dithmenos.
  6011 | D:6      | Reached XP level 8. HP: 59/64 MP: 8/8
  6714 | D:6      | Reached * piety under Qazlal
  6770 | D:6      | Reached skill level 9 in Polearms
  7179 | D:7      | Reached skill level 1 in Invocations
  7303 | D:7      | Found a sand-covered staircase.
  7317 | Ossuary  | Entered an ossuary
  7474 | Ossuary  | Reached ** piety under Qazlal
  7707 | D:7      | Reached XP level 9. HP: 72/72 MP: 10/10
  8099 | D:7      | Found a white marble altar of Elyvilon.
  8105 | D:7      | Noticed KarmaPolice's ghost (novice MfGl)
  8962 | D:7      | Reached skill level 10 in Polearms
  9052 | D:8      | Noticed a troll
  9088 | D:8      | Found a snail-covered altar of Cheibriados.
  9642 | D:8      | Reached *** piety under Qazlal
  9698 | D:8      | Noticed a two-headed ogre
  9741 | D:8      | Found Mutygin's Jewellery Shop.
  9777 | D:8      | Reached skill level 10 in Dodging
  9783 | D:8      | Found a shattered altar of Ashenzari.
  9823 | D:8      | Killed a two-headed ogre
  9925 | D:8      | Killed a troll
  9925 | D:8      | Reached skill level 11 in Polearms
 10161 | D:8      | Reached skill level 5 in Invocations
 10161 | D:8      | Reached XP level 10. HP: 82/82 MP: 13/13
 10834 | D:9      | Noticed a gargoyle
 10869 | D:9      | Killed a gargoyle
 11044 | D:9      | Reached **** piety under Qazlal
 11064 | D:9      | Noticed a centaur warrior
 11084 | D:9      | Killed a centaur warrior
 11084 | D:9      | Reached skill level 12 in Polearms
 11084 | D:9      | Reached skill level 1 in Armour
 11589 | D:9      | Reached XP level 11. HP: 37/90 MP: 16/16
 11777 | D:9      | Found a staircase to the Lair.
 11867 | D:9      | Found a shimmering altar of Xom.
 12022 | D:10     | Entered Level 10 of the Dungeon
 12033 | D:10     | Reached skill level 10 in Fighting
 12319 | D:10     | Found a staircase to the Orcish Mines.
 12375 | D:10     | Reached ***** piety under Qazlal
 12556 | D:10     | Reached skill level 13 in Polearms
 12787 | D:10     | Noticed a wizard
 12793 | D:10     | Killed a wizard
 12821 | D:10     | Found Joackyskesm's Distillery.
 12825 | D:10     | Noticed a hill giant
 12830 | D:10     | Killed a hill giant
 12836 | D:10     | Bought a potion of flight for 30 gold pieces
 12836 | D:10     | Bought a potion of cancellation for 80 gold pieces
 12836 | D:10     | Bought a potion of invisibility for 80 gold pieces
 12836 | D:10     | Bought a potion of lignification for 30 gold pieces
 12862 | D:10     | Noticed a cyan ugly thing
 12876 | D:10     | Killed a cyan ugly thing
 13314 | Orc:1    | Entered Level 1 of the Orcish Mines
 13319 | Orc:1    | Noticed Erolcha
 13391 | Lair:1   | Entered Level 1 of the Lair of Beasts
 13668 | Lair:1   | Noticed Grum
 13680 | Lair:1   | Reached XP level 12. HP: 89/100 MP: 18/18
 13683 | Lair:1   | Killed Grum
 13683 | Lair:1   | Reached skill level 14 in Polearms
 14456 | Lair:1   | Reached skill level 5 in Armour
 14956 | Lair:2   | Noticed an eight-headed hydra
 15028 | Lair:2   | Killed a 12-headed hydra
 15560 | Lair:2   | Reached skill level 10 in Invocations
 15606 | Lair:2   | Reached skill level 15 in Polearms
 15885 | Lair:3   | Noticed a seven-headed hydra
 15918 | Lair:2   | Killed a seven-headed hydra
 15966 | Lair:3   | Noticed an eight-headed hydra
 16599 | Lair:3   | Reached XP level 13. HP: 80/108 MP: 20/20
 17757 | Lair:4   | Noticed Nergalle
 18739 | Lair:4   | Killed Nergalle
 19192 | Lair:5   | Reached skill level 16 in Polearms
 19393 | Lair:5   | You fall through a shaft!
 20294 | Lair:7   | Noticed Snorg
 20315 | Lair:6   | Killed Snorg
 20643 | Lair:7   | Reached ****** piety under Qazlal
 21001 | Lair:7   | Found a staircase to the Slime Pits.
 21041 | Lair:7   | Reached XP level 14. HP: 78/118 MP: 22/22
 21707 | Lair:8   | Entered Level 8 of the Lair of Beasts
 21726 | Lair:7   | Reached skill level 17 in Polearms
 23382 | Lair:8   | Noticed a dire elephant
 23382 | Lair:8   | Noticed a dire elephant
 23402 | Lair:8   | Noticed a dire elephant
 23404 | Lair:8   | Noticed a dire elephant
 23405 | Lair:8   | Noticed a dire elephant
 23409 | Lair:8   | Noticed a dire elephant
 23446 | Lair:8   | Killed a dire elephant
 23451 | Lair:8   | Killed a dire elephant
 23762 | Lair:8   | Killed a dire elephant
 23788 | Lair:8   | Killed a dire elephant
 24133 | Lair:8   | Killed a dire elephant
 24167 | Lair:8   | Killed a dire elephant
 24647 | Lair:8   | Reached skill level 18 in Polearms
 25158 | Lair:5   | Found a staircase to the Snake Pit.
 25373 | Lair:5   | Found a staircase to the Shoals.
 25703 | Orc:1    | Killed Erolcha
 25744 | Orc:1    | Noticed Maurice
 25752 | Orc:1    | Killed Maurice
 25752 | Orc:1    | Reached XP level 15. HP: 124/127 MP: 24/24
 26613 | Orc:1    | Reached skill level 15 in Fighting
 27369 | Orc:1    | Found Mitas's Book Emporium.
 27602 | Orc:2    | Entered Level 2 of the Orcish Mines
 27613 | Orc:2    | Reached skill level 19 in Polearms
 27617 | Orc:2    | Found a labyrinth entrance.
 27639 | Lab      | Entered a labyrinth
 28922 | Orc:2    | Noticed Maud
 28987 | Orc:1    | Killed Maud
 29318 | Orc:2    | Found a staircase to the Elven Halls.
 30285 | Orc:2    | Found Idduv's Antique Weapon Shoppe.
 30285 | Orc:2    | Found Tet Woimn's Gadget Shop.
 30317 | Orc:2    | Found a roughly hewn altar of Beogh.
 30375 | Orc:2    | Found Raod's Distillery.
 30375 | Orc:2    | Found Ymiox's Antique Weapon Shoppe.
 30382 | Orc:2    | Bought a potion of heal wounds for 75 gold pieces
 30382 | Orc:2    | Bought a potion of heal wounds for 75 gold pieces
 30382 | Orc:2    | Bought a potion of haste for 150 gold pieces
 30892 | D:11     | Noticed Erica
 30992 | D:11     | Killed Erica
 31672 | D:12     | Noticed Nessos
 31694 | D:12     | Killed Nessos
 31928 | D:12     | Reached skill level 10 in Armour
 32056 | D:12     | Found an ancient bone altar of Kikubaaqudgha.
 32058 | D:12     | Found Tatzo's Wicked Wares.
 32068 | D:12     | Bought a +3 halberd of pain for 432 gold pieces
 32106 | D:12     | Found a portal to a secret trove of treasure.
 32111 | Trove    | Entered a treasure trove
 32117 | Trove    | Got a pitted hat
 32131 | Trove    | Got a heavily runed helmet
 32143 | Trove    | Identified the +0 hat of the Buccaneer {+Inv rElec} (You found it in a treasure trove)
 32153 | Trove    | Identified the +1 helmet of the Arcane {rPois rF- MP+9 Int-2} (You found it in a treasure trove)
 32178 | Trove    | Got a polished leather armour
 32189 | Trove    | Identified the +1 leather armour "Odenost" {-Cast rElec Dex+4 Slay+4} (You found it in a treasure trove)
 32249 | Trove    | Got an ichor-stained cloak
 32260 | Trove    | Identified the -5 cloak of the Blizzard {MR++ Str+2 Int-3} (You found it in a treasure trove)
 32342 | Trove    | Got an encrusted mottled dragon armour
 32353 | Trove    | Identified the +6 mottled dragon armour of Follow the Leader {MP+9 Str+7} (You found it in a treasure trove)
 32392 | Trove    | Got a jewelled crystal plate armour
 32403 | Trove    | Identified the +4 crystal plate armour of Beogh's Righteous Fury {rElec rCorr Slay+2 SInv} (You found it in a treasure trove)
 32404 | Trove    | Got a pitted plate armour
 32415 | Trove    | Identified the cursed +1 plate armour "Ullogio" {rC+ rN+ Str+4 Dex-5} (You found it in a treasure trove)
 33090 | Lair:4   | Reached XP level 16. HP: 128/138 MP: 25/25
 33181 | Shoals:1 | Entered Level 1 of the Shoals
 33213 | Shoals:1 | Noticed a kraken
 33651 | Shoals:1 | Noticed a kraken
 34278 | Shoals:1 | Reached skill level 20 in Polearms
 34337 | Shoals:1 | Killed a kraken
 37284 | Shoals:2 | Found Gujai's General Store.
 37293 | Shoals:2 | Bought a scroll of identify for 34 gold pieces
 37293 | Shoals:2 | Bought a scroll of blinking for 127 gold pieces
 37293 | Shoals:2 | Bought a scroll of identify for 34 gold pieces
 37293 | Shoals:2 | Bought a meat ration for 85 gold pieces
 37293 | Shoals:2 | Bought a bread ration for 85 gold pieces
 37293 | Shoals:2 | Bought a meat ration for 85 gold pieces
 37293 | Shoals:2 | Bought a beef jerky for 25 gold pieces
 37668 | Shoals:3 | Noticed Polyphemus
 38846 | Shoals:2 | Reached XP level 17. HP: 89/145 MP: 26/26
 39434 | Shoals:3 | Noticed a kraken
 39727 | Shoals:3 | Reached skill level 21 in Polearms
 39950 | Shoals:3 | Noticed a kraken
 40709 | Shoals:2 | Killed Polyphemus
 41472 | Shoals:3 | Killed a kraken
 42604 | Shoals:4 | Entered Level 4 of the Shoals
 43147 | Shoals:4 | Noticed Mungo's ghost (adept SpHu)
 43190 | Shoals:4 | Killed Mungo's ghost
 43208 | Shoals:4 | Noticed a kraken
 43944 | Shoals:3 | Killed a kraken
 45374 | Shoals:4 | Killed a kraken
 45602 | Shoals:4 | Noticed Ilsuiw
 45768 | Shoals:4 | Killed Ilsuiw
 45768 | Shoals:4 | Reached XP level 18. HP: 95/153 MP: 27/27
 45979 | Shoals:4 | Got a smoking scythe {slice}
 45991 | Shoals:4 | Identified the +6 scythe "Siawnank" {slice, MP+9} (You took it off a merfolk javelineer on level 4 of the Shoals)
 46180 | Shoals:4 | Reached skill level 22 in Polearms
 46565 | Shoals:4 | Got a barnacled rune of Zot
 46913 | Snake:1  | Entered Level 1 of the Snake Pit
 48098 | Snake:2  | Reached skill level 15 in Dodging
 51187 | Snake:3  | Got a jewelled leather armour
 51198 | Snake:3  | Identified the +0 leather armour of Action {rElec rF+ MP+9} (You found it on level 3 of the Snake Pit)
 51359 | Snake:3  | Reached XP level 19. HP: 128/159 MP: 28/28
 51519 | Snake:3  | Found a runed door.
 52036 | Snake:3  | Reached skill level 23 in Polearms
 52714 | Snake:4  | Entered Level 4 of the Snake Pit
 52902 | Snake:4  | Noticed Norris
 54744 | Snake:4  | Killed Norris
 55682 | Snake:4  | Reached skill level 15 in Armour
 56127 | Snake:4  | Found a shattered altar of Ashenzari.
 56400 | Snake:4  | Got a serpentine rune of Zot
 56887 | D:13     | Found a gate to the Vaults.
 57266 | D:13     | Found Wuqoos's Food Emporium.
 57300 | D:13     | Bought a slice of pizza for 15 gold pieces
 57300 | D:13     | Bought a bread ration for 50 gold pieces
 57300 | D:13     | Bought a bread ration for 50 gold pieces
 57300 | D:13     | Bought a meat ration for 50 gold pieces
 57300 | D:13     | Bought a meat ration for 50 gold pieces
 57300 | D:13     | Bought a beef jerky for 15 gold pieces
 57300 | D:13     | Bought a royal jelly for 20 gold pieces
 57300 | D:13     | Bought a meat ration for 50 gold pieces
 57300 | D:13     | Bought a slice of pizza for 15 gold pieces
 57702 | D:13     | Reached XP level 20. HP: 112/166 MP: 29/29
 58615 | D:15     | Entered Level 15 of the Dungeon
 58801 | D:15     | Got a pair of shimmering boots
 59015 | D:15     | Identified the +3 pair of boots "Mall" {rN+} (You found it on level 15 of the Dungeon)
 59063 | D:15     | Noticed Sonja
 59074 | D:15     | Killed Sonja
 59159 | D:15     | Found a staircase to the Depths.
 59733 | Vaults:1 | Entered Level 1 of the Vaults
 59756 | Vaults:1 | Reached skill level 24 in Polearms
 60043 | Vaults:1 | Gained mutation: You are somewhat resistant to further mutation. [potion of beneficial mutation]
 61353 | Vaults:2 | Noticed Mara
 61408 | Vaults:2 | Noticed KarmaPolice's illusion
 61735 | Vaults:2 | Killed Mara
 61927 | Vaults:2 | Noticed Margery
 62134 | Vaults:1 | Killed Margery
 62205 | Vaults:2 | Reached XP level 21. HP: 123/172 MP: 31/31
 62487 | Vaults:2 | Reached skill level 25 in Polearms
 62858 | Vaults:2 | Got a twisted plate armour
 62869 | Vaults:2 | Identified the +6 plate armour "Qoppic" {rC+} (You found it on level 2 of the Vaults)
 63179 | Vaults:2 | Noticed Wiglaf
 63224 | Vaults:2 | Killed Wiglaf
 64047 | Vaults:2 | Reached skill level 15 in Invocations
 65987 | Vaults:3 | Noticed a Tzitzimitl
 66755 | Vaults:3 | Cast into level 3 of the Abyss (vault warden)
 66788 | Abyss:3  | Found a corrupted altar of Lugonu.
 66792 | Vaults:3 | Escaped the Abyss
 67302 | Vaults:3 | Reached XP level 22. HP: 179/182 MP: 33/33
 67309 | Vaults:3 | Cast into level 4 of the Abyss (vault warden)
 67336 | Abyss:4  | Reached skill level 26 in Polearms
 67517 | Abyss:4  | Paralysed by accursed screaming for 1 turns
 67641 | Abyss:4  | Paralysed by you for 7 turns
 67744 | Vaults:3 | Escaped the Abyss
 68806 | Vaults:3 | Found a staircase to the Crypt.
 69802 | Slime:1  | Entered Level 1 of the Pits of Slime
 71794 | Slime:3  | Gained mutation: You are weak. (Str -2) [a shining eye]
 71805 | Slime:2  | Gained mutation: You are very weak. (Str -4) [a shining eye]
 73333 | Slime:4  | Reached XP level 23. HP: 173/192 MP: 35/35
 74559 | Slime:6  | Entered Level 6 of the Pits of Slime
 74572 | Slime:6  | Gained mutation: You tend to lose your temper in combat. [a shining eye]
 74577 | Slime:6  | Gained mutation: Your body sometimes deteriorates upon taking damage. [a shining eye]
 74957 | Slime:5  | Gained mutation: Your body often deteriorates upon taking damage. [a shining eye]
 75064 | Slime:6  | Reached skill level 27 in Polearms
 75087 | Slime:6  | Noticed the Royal Jelly
 75550 | Slime:5  | Lost mutation: You are somewhat resistant to further mutation. [potion of cure mutation]
 75550 | Slime:5  | Lost mutation: You are very weak. (Str -4) [potion of cure mutation]
 75550 | Slime:5  | Lost mutation: You are weak. (Str -2) [potion of cure mutation]
 75550 | Slime:5  | Lost mutation: Your body often deteriorates upon taking damage. [potion of cure mutation]
 75550 | Slime:5  | Lost mutation: You tend to lose your temper in combat. [potion of cure mutation]
 75589 | Slime:6  | Killed the Royal Jelly
 76926 | Slime:6  | Identified a scroll of acquirement
 76986 | Slime:5  | Gained mutation: Scrolls take you a little longer to read. [a shining eye]
 77037 | Slime:2  | Gained mutation: You regenerate slowly when monsters are visible. [a shining eye]
 77041 | Slime:2  | Gained mutation: Your body often deteriorates upon taking damage. [a shining eye]
 77049 | Slime:2  | Gained mutation: Your magical capacity is low (-10% MP). [a shining eye]
 77051 | Slime:2  | Gained mutation: You are weak. (Str -2) [a shining eye]
 77455 | Orc:2    | Bought a potion of cancellation for 120 gold pieces
 77500 | Orc:2    | Bought a wand of digging (4/24) for 176 gold pieces
 78343 | Slime:6  | Identified Dafabu's Incunabulum of Creation
 78358 | Slime:6  | Got a glittering lapis lazuli ring
 78362 | Slime:6  | Got a transparent silver amulet
 78369 | Slime:6  | Identified the amulet of the Scarab {Reflect Str+3 SH+4} (You found it on level 6 of the Pits of Slime)
 78374 | Slime:6  | Identified the ring of the Thirteen Tales {rC+ Str-2 Int+6} (You found it on level 6 of the Pits of Slime)
 78385 | Slime:6  | Got a slimy rune of Zot
 78540 | Slime:5  | Lost mutation: You regenerate slowly when monsters are visible. [a shining eye]
 79175 | Elf:1    | Entered Level 1 of the Elven Halls
 79218 | Elf:1    | Noticed Asterion
 79234 | Elf:1    | Killed Asterion
 79680 | Elf:1    | Got a faintly humming helmet
 79694 | Elf:1    | Identified the -3 helmet "Verocwoa" {Int+4 SInv Stlth-} (You found it on level 1 of the Elven Halls)
 79769 | Elf:1    | Found Loustuic's Food Shoppe.
 79775 | Elf:1    | Bought a meat ration for 65 gold pieces
 79775 | Elf:1    | Bought a beef jerky for 19 gold pieces
 79775 | Elf:1    | Bought a meat ration for 65 gold pieces
 79775 | Elf:1    | Bought a beef jerky for 19 gold pieces
 79775 | Elf:1    | Bought a beef jerky for 19 gold pieces
 79775 | Elf:1    | Bought a bread ration for 65 gold pieces
 79775 | Elf:1    | Bought a bread ration for 65 gold pieces
 79775 | Elf:1    | Bought a meat ration for 65 gold pieces
 79775 | Elf:1    | Bought a meat ration for 65 gold pieces
 79775 | Elf:1    | Bought a bread ration for 65 gold pieces
 80270 | Elf:2    | Reached XP level 24. HP: 190/200 MP: 32/32
 80536 | Elf:2    | Found a runed gate.
 80536 | Elf:2    | Found a runed gate.
 80537 | Elf:2    | Found a runed gate.
 81210 | Elf:2    | Found Teitec's Food Shop.
 81240 | Elf:2    | Bought a meat ration for 70 gold pieces
 81240 | Elf:2    | Bought a bread ration for 70 gold pieces
 81240 | Elf:2    | Bought a meat ration for 70 gold pieces
 81240 | Elf:2    | Bought a meat ration for 70 gold pieces
 81240 | Elf:2    | Bought a beef jerky for 21 gold pieces
 81240 | Elf:2    | Bought a meat ration for 70 gold pieces
 81240 | Elf:2    | Bought a bread ration for 70 gold pieces
 81240 | Elf:2    | Bought a beef jerky for 21 gold pieces
 81240 | Elf:2    | Bought a meat ration for 70 gold pieces
 81240 | Elf:2    | Bought a bread ration for 70 gold pieces
 81240 | Elf:2    | Bought a beef jerky for 21 gold pieces
 82034 | Elf:3    | Entered Level 3 of the Elven Halls
 82257 | Elf:3    | Identified Gapheud's Tome of Creative Attacks
 83532 | Elf:3    | Got a scorched bronze ring
 83535 | Elf:3    | Identified the ring of Vefihuatha {Fire rElec Str+2} (You took it off a deep elf annihilator on level 3 of the Elven Halls)
 83640 | Elf:3    | Got a crude pewter ring
 83643 | Elf:3    | Identified the ring "Hero's Friend" {*Contam MR+ Str+2 Int+9 Dex-4} (You took it off a deep elf demonologist on level 3 of the Elven Halls)
 83691 | Elf:3    | Identified Lymerup's Compendium of Enchantment and Summoning (You found it on level 3 of the Elven Halls)
 84125 | Elf:3    | Found a deep blue altar of Sif Muna.
 85041 | Elf:3    | Reached XP level 25. HP: 201/210 MP: 33/33
 85556 | Crypt:1  | Entered Level 1 of the Crypt
 87747 | Crypt:3  | Entered Level 3 of the Crypt
 89579 | Crypt:3  | Got a twitching lead ring
 89875 | Crypt:3  | Identified the ring of Finality {*Tele +Blink rPois Str+6 Stlth+} (You took it off a skeletal warrior on level 3 of the Crypt)
 89954 | Crypt:3  | Noticed an ancient lich
 90427 | Crypt:3  | Found a staircase to the Tomb.
 91667 | Vaults:4 | Reached XP level 26. HP: 222/222 MP: 34/34
 92455 | Vaults:4 | Lost mutation: Your magical capacity is low (-10% MP). [potion of cure mutation]
 92455 | Vaults:4 | Lost mutation: Scrolls take you a little longer to read. [potion of cure mutation]
 92455 | Vaults:4 | Lost mutation: You are weak. (Str -2) [potion of cure mutation]
 92455 | Vaults:4 | Lost mutation: Your body often deteriorates upon taking damage. [potion of cure mutation]
 92473 | Vaults:5 | Entered Level 5 of the Vaults
 92541 | Vaults:5 | Noticed an ancient lich
 92552 | Vaults:5 | HP: 8/222 [shadow dragon/bolt of negative energy (15)]
 92601 | Vaults:5 | Gained mutation: Armour fits poorly on your strangely shaped body. [mutagenic glow]
 92655 | Vaults:5 | Gained mutation: You are clumsy. (Dex -2) [mutagenic glow]
 92709 | Vaults:5 | HP: 8/222 [fire giant/fireball (18)]
 92711 | Vaults:5 | Slain by a fire giant

Skill      XL: |  1  2  3  4  5  6  7  8  9 10 11 12 13 14 15 16 17 18 19 20 21 22 23 24 25 26 |
---------------+-------------------------------------------------------------------------------+-----
Polearms       | 5 7 8 9 11 12 13 15 16 18 19 20 21 22 23 24 25 26 27 | 27.0
Fighting       | 3 4 5 6 7 8 9 11 12 13 14 15 16 17 18 19 20 21 | 21.3
Dodging        | 5 6 7 9 10 11 12 14 15 16 17 19 20 | 20.8
Invocations    | 2 5 7 8 10 11 12 14 15 17 18 19 21 22 | 22.6
Armour         | 2 4 5 7 8 10 11 12 14 15 16 17 18 | 18.7
Throwing       | |  2.0

Action                   |  1- 3 |  4- 6 |  7- 9 | 10-12 | 13-15 | 16-18 | 19-21 | 22-24 | 25-27 || total
-------------------------+-------+-------+-------+-------+-------+-------+-------+-------+-------++-------
Melee: Trident           |    94 |   148 |   779 |   696 |       |   249 |       |       |       ||  1966
       Unarmed           |       |    28 |       |       |       |       |       |       |       ||    28
       Halberd           |       |       |       |   486 |  1964 |    82 |       |       |       ||  2532
       Tailslap          |       |       |       |       |     4 |    41 |       |       |       ||    45
       Demon trident     |       |       |       |       |       |  1012 |       |       |       ||  1012
       Scythe            |       |       |       |       |       |   502 |  2032 |  1995 |  1054 ||  5583
       Lajatang          |       |       |       |       |       |    17 |       |       |       ||    17
       Bardiche          |       |       |       |       |       |       |       |    58 |       ||    58
Invok: Elemental Force   |       |       |       |     3 |     7 |       |     3 |     6 |     1 ||    20
       Disaster Area     |       |       |       |       |       |     1 |     1 |     2 |     3 ||     7
Evoke: Wand              |       |       |       |       |     1 |       |     1 |     4 |     2 ||     8
  Use: Potion            |       |     2 |     1 |     8 |     6 |    13 |     3 |     7 |    19 ||    59
       Scroll            |       |     1 |     8 |     3 |    12 |    12 |    19 |    13 |    12 ||    80
 Stab: Sleeping          |     1 |     1 |       |       |       |     2 |       |       |       ||     4
       Confused          |       |     1 |       |       |       |       |       |       |       ||     1
       Distracted        |       |       |     1 |       |       |       |     1 |     3 |     1 ||     6
       Invisible         |       |       |       |       |       |       |       |       |     2 ||     2
  Eat: Chunk             |     2 |     6 |    20 |    23 |    49 |    41 |    41 |    24 |    10 ||   216
       Fruit             |       |       |     4 |       |     7 |     3 |       |     3 |       ||    17
       Pizza             |       |       |       |       |       |     5 |     2 |     1 |     2 ||    10
       Royal jelly       |       |       |       |       |       |     1 |       |     3 |       ||     4
       Meat ration       |       |       |       |       |       |     1 |     2 |     5 |     3 ||    11
Armor: Leather armour    |    22 |    43 |    99 |       |       |       |       |       |       ||   164
       Skin              |       |     1 |       |       |       |       |       |       |       ||     1
       Troll leather arm |       |       |    20 |   170 |     4 |       |       |       |       ||   194
       Ring mail         |       |       |       |       |   321 |       |       |       |       ||   321
       Mottled dragon ar |       |       |       |       |     7 |   436 |       |       |       ||   443
       Crystal plate arm |       |       |       |       |       |   247 |   538 |   825 |   373 ||  1983
       Fire dragon armou |       |       |       |       |       |       |    56 |    17 |       ||    73
Dodge: Dodged            |    43 |   117 |   412 |   638 |   763 |  1124 |   551 |   786 |   403 ||  4837
       Deflected         |       |       |       |     1 |     8 |    65 |   115 |   128 |    18 ||   335
Block: Other             |       |       |    37 |   279 |   639 |   453 |   647 |   780 |   370 ||  3205
       Reflection        |       |       |       |     1 |    10 |    56 |   129 |    75 |    10 ||   281
